cohdb
Replays
Latest Replays
All Replays
Popular Replays
Top Player Replays
Match Explorer
How It Works
Community
CoH3 Stats
Reddit
Sign in to upload your games and track your stats! →
Sign in with Steam
Match 45163895
Unlisted
Match 45163895
Overview
Messages
Build Orders
End
Construct Barracks
Riflemen Squad
Selects Advanced Infantry Battlegroup
1⁄4-ton 4x4 Truck
Riflemen Squad
Construct Medical Station
Selects Convert to Ranger Squad
Convert to Ranger Squad
Infantry Support Center
Advanced Logistics
Convert to Ranger Squad
Survival Training
Selects Designate Assault Position
Ranger Squad
Construct Motor Pool
Selects Ranger Weapon Training
Ranger Squad
Selects Ammunition Storage
Selects M2A1 105mm Howitzer Emplacement
anioki
Semmelbresel
n1ck123
Team saupiquet
MatermesGK
FlyPigSWC
0
0
Comments
sign in to comment!
No comments posted yet!